Map: Королевская бухта РВ

Players

Murena - Winner!

  • Race: Terran Terran
  • Spawn Location: 5:00

ИИ 1 (эксперт)

  • Race: Zerg Zerg
  • Spawn Location: 11:00

VOD

Have the link to the VOD?

Description

Time

  • Played on: Feb. 10, 2019, 3:19 p.m.
  • Length: 11:39
Show
View Real Time Build Order
Export as new Build Order

Murena Terran - Winner!

Build Orders: Command Center First (CC) 

Get SALT Encoding   

  12  0:00  SCV  
  13  0:12  SCV  
  14  0:25  SCV  
  15  0:46  Command Center  
  15  0:56  Supply Depot  
  15  1:02  Refinery  
  15  1:19  Barracks  
  15  1:20  SCV  
  16  1:32  Barracks  
  16  1:36  SCV  
  17  1:49  SCV  
  17  1:53  Supply Depot  
  18  1:58  SCV  
  19  2:02  SCV  
  19  2:07  Marine  
  21  2:11  SCV  
  22  2:16  SCV  
  22  2:19  Marine  
  24  2:25  Marine  
  24  2:28  SCV  
  26  2:32  SCV  
  27  2:38  Barracks Reactor  
  27  2:40  SCV  
  27  2:43  Marine  
  29  2:46  SCV  
  30  2:54  SCV  
  30  2:55  Barracks  
  31  2:59  SCV  
  31  3:02  Barracks Reactor  
  32  3:08  SCV  
  32  3:11  Orbital Command  
  33  3:14  Marine x2  
  35  3:20  Orbital Command  
  35  3:31  Factory  
  35  3:32  Marine x2  
  37  3:38  SCV  
  37  3:39  Refinery  
  37  3:40  Marine  
  39  3:41  Marine  
  39  3:44  Barracks Tech Lab  
  39  3:46  SCV  
  41  3:50  SCV  
  41  3:54  Marine  
  41  3:55  Marine, Supply Depot  
  43  3:59  SCV  
  45  4:04  Marine  
  45  4:08  Engineering Bay  
  46  4:11  Engineering Bay  
  46  4:16  Factory Tech Lab  
  46  4:18  Marauder, Combat Shield  
  46  4:20  Marine x2  
  46  4:22  SCV  
  51  4:24  SCV  
  51  4:30  Marine x2, Supply Depot  
  54  4:37  Terran Infantry Weapons Level 1  
  54  4:38  Terran Infantry Armor Level 1  
  54  4:42  Missile Turret  
  54  4:51  SCV  
  54  4:52  SCV, Supply Depot  
  56  4:54  Marauder  
  56  4:57  Marine  
  56  4:58  Marine  
  60  5:02  Hellion  
  62  5:09  Starport  
  62  5:13  Refinery  
  62  5:14  Bunker  
  62  5:15  Refinery  
  64  5:21  Marine, Marauder  
  64  5:26  Siege Tank  
  68  5:29  Supply Depot  
  68  5:31  SCV  
  68  5:33  SCV  
  70  5:38  Concussive Shells  
  70  5:43  Supply Depot  
  70  5:45  Starport Reactor  
  70  5:50  Missile Turret  
  70  5:52  SCV x2  
  70  5:53  Marauder  
  70  5:54  Marine x2  
  70  5:55  Reaper  
  78  5:57  Reaper  
  78  6:07  SCV  
  78  6:08  SCV  
  78  6:11  Hellion  
  82  6:15  Marauder  
  82  6:16  Command Center  
  84  6:22  Medivac  
  84  6:25  Supply Depot  
  86  6:30  Armory  
  86  6:45  Supply Depot x3  
  86  6:50  SCV x2, Barracks  
  86  6:52  Siege Tank, Factory  
  91  6:55  Marine, Supply Depot  
  91  6:56  Marine  
  93  7:06  Marine  
  93  7:08  Medivac  
  96  7:10  Medivac  
  96  7:13  Marauder  
  96  7:15  SCV  
  101  7:16  SCV, Barracks  
  101  7:19  Marine  
  103  7:25  Siege Tank  
  103  7:29  Marine x2  
  108  7:31  SCV  
  108  7:33  SCV  
  108  7:34  SCV  
  108  7:35  Marauder  
  108  7:37  Stimpack  
  113  7:41  Refinery  
  113  7:43  Barracks Tech Lab  
  113  7:44  Refinery  
  113  7:48  Marine  
  113  7:49  Marine x3  
  117  7:51  SCV  
  117  7:52  SCV  
  117  7:55  Marine, SCV  
  117  7:58  Factory Tech Lab  
  121  7:59  Terran Infantry Weapons Level 2  
  121  8:04  SCV  
  121  8:05  SCV  
  123  8:06  Cyclone  
  123  8:09  Orbital Command  
  126  8:14  Medivac  
  126  8:15  Marine  
  126  8:16  Marine, SCV  
  126  8:17  Marine  
  126  8:18  Marine  
  126  8:19  Marine x2  
  135  8:20  Marine  
  135  8:23  SCV  
  137  8:27  Supply Depot, Terran Infantry Armor Level 2  
  137  8:31  SCV  
  138  8:36  SCV  
  138  8:38  Supply Depot, Missile Turret  
  138  8:40  SCV  
  140  8:45  SCV  
  95  10:24  Unknown  
  94  10:50  Unknown  
Show
View Real Time Build Order
Export as new Build Order

ИИ 1 (эксперт) Zerg 

Build Orders: Hatch First, Zergling Baneling 

Get SALT Encoding   

  12  0:00  Drone  
  13  0:12  Overlord  
  13  0:18  Drone  
  14  0:30  Drone  
  14  0:31  Drone  
  14  0:34  Drone  
  17  0:54  Hatchery  
  17  0:57  Drone  
  17  1:13  Spawning Pool  
  17  1:14  Extractor  
  17  1:17  Drone  
  16  1:21  Drone  
  16  1:24  Extractor  
  16  1:27  Drone  
  16  1:32  Drone  
  18  1:39  Drone  
  19  1:49  Overlord  
  19  2:03  Queen  
  21  2:09  Zergling x2  
  22  2:26  Queen  
  24  2:32  Drone  
  24  2:36  Drone  
  26  2:41  Drone  
  27  2:46  Drone  
  28  3:00  Lair  
  28  3:03  Zergling x2  
  29  3:07  Zergling x2  
  29  3:11  Drone  
  31  3:14  Drone  
  31  3:18  Drone  
  33  3:21  Zergling x2  
  33  3:25  Zergling x2  
  35  3:28  Zergling x2  
  36  3:35  Overlord  
  36  3:42  Baneling Nest, Drone  
  36  3:56  Drone  
  36  3:59  Spire, Drone  
  36  4:02  Drone  
  38  4:05  Drone  
  38  4:08  Drone  
  40  4:10  Drone  
  40  4:13  Drone  
  42  4:19  Overlord  
  42  4:25  Baneling  
  42  4:26  Baneling  
  42  4:27  Zergling x2, Baneling  
  42  4:28  Baneling x2  
  42  4:30  Zergling x2  
  44  4:33  Baneling  
  44  4:36  Baneling  
  44  4:37  Zergling x4  
  44  4:38  Baneling  
  46  4:41  Overlord  
  46  4:50  Roach Warren  
  45  4:57  Hydralisk Den  
  44  5:01  Drone  
  44  5:04  Drone  
  44  5:06  Drone  
  47  5:09  Drone  
  47  5:11  Drone  
  47  5:13  Drone  
  50  5:17  Overlord  
  50  5:20  Drone  
  51  5:22  Drone  
  51  5:24  Drone  
  51  5:26  Drone  
  51  5:27  Hydralisk  
  56  5:30  Hydralisk  
  56  5:31  Roach  
  62  5:35  Roach  
  62  5:37  Overlord  
  62  5:40  Roach  
  64  5:43  Roach  
  64  5:46  Hydralisk  
  68  5:55  Roach, Drone, Hydralisk  
  73  5:57  Overlord  
  73  5:59  Drone  
  73  6:01  Drone  
  73  6:02  Drone  
  76  6:14  Centrifical Hooks  
  76  6:15  Roach, Drone, Hydralisk  
  81  6:18  Overlord  
  81  6:20  Drone  
  81  6:21  Drone  
  81  6:23  Drone  
  84  6:36  Roach, Hydralisk, Overlord  
  84  6:37  Roach  
  90  6:42  Metabolic Boost  
  90  6:45  Evolution Chamber  
  89  6:53  Evolution Chamber, Drone  
  89  6:55  Hatchery, Extractor  
  89  7:00  Drone  
  88  7:02  Drone  
  88  7:04  Overlord  
  89  7:10  Overseer  
  89  7:11  Zerg Missile Weapons Level 1  
  89  7:15  Evolution Chamber  
  88  7:17  Drone  
  88  7:18  Drone  
  88  7:19  Zerg Melee Weapons Level 1  
  90  7:23  Drone, Extractor  
  90  7:32  Ravager  
  90  7:35  Roach  
  93  7:40  Zerg Ground Armor Level 1  
  93  7:44  Spine Crawler  
  93  7:45  Overlord, Ravager, Drone x4  
  93  7:48  Roach  
  99  8:03  Drone, Lurker Den  
  99  8:04  Spine Crawler  
  99  8:05  Drone  
  99  8:08  Drone x2  
  99  8:09  Drone x4  
  99  8:10  Drone x3, Overlord  
  99  8:11  Drone  
  109  8:14  Drone  
  109  8:18  Drone  
  109  8:19  Roach, Drone x2, Extractor  
  113  8:21  Drone  
  113  8:26  Drone  
  115  8:27  Roach, Drone  
  115  8:28  Drone  
  115  8:31  Overlord  
  115  8:33  Drone  
  120  8:36  Drone  
  120  8:39  Drone  
  120  8:40  Glial Reconstitution  
  122  8:43  Drone, Pneumatized Carapace  
  122  8:47  Drone  
  124  8:50  Hydralisk x2, Overlord  
  124  8:51  Spore Crawler  
  124  8:52  Drone  
  128  8:56  Zergling x2  
  128  8:57  Spore Crawler  
  128  8:58  Zergling x2  
  128  8:59  Drone, Zergling x4  
  128  9:00  Zergling x2  
  127  9:05  Baneling  
  127  9:06  Zergling x2  
  127  9:09  Overlord  
  128  9:11  Zergling x2  
  128  9:15  Baneling  
  128  9:16  Zerg Melee Weapons Level 2, Zergling x2, Baneling x2  
  128  9:17  Baneling x4  
  128  9:18  Baneling  
  128  9:20  Baneling x2  
  128  9:21  Zergling x2  
  128  9:22  Zergling x4  
  128  9:23  Zergling x4, Baneling  
  128  9:24  Baneling x2  
  133  9:25  Baneling  
  133  9:27  Zergling x2  
  133  9:29  Baneling  
  133  9:30  Zergling x2  
  133  9:31  Zergling x2, Overlord  
  134  9:32  Zergling x2  
  134  9:33  Roach  
  134  9:35  Baneling x2  
  114  9:39  Roach  
  114  9:40  Baneling  
  114  9:43  Zergling x4, Baneling  
  99  9:47  Baneling x2, Extractor  
  99  9:49  Zergling x2  
  88  9:54  Roach, Zergling x2, Hydralisk  
  88  9:55  Zergling x2  
  88  10:00  Roach  
  88  10:02  Zergling x6  
  88  10:04  Baneling x2  
  88  10:05  Zergling x4  
  88  10:06  Overseer  
  94  10:12  Zergling x2, Baneling x2  
  93  10:15  Zergling x2  
  93  10:16  Roach  
  93  10:17  Spine Crawler  
  93  10:19  Queen, Spine Crawler  
  85  10:22  Drone  
  85  10:24  Baneling x2  
  85  10:26  Roach, Drone, Zergling x2  
  85  10:27  Roach, Zergling x2  
  83  10:32  Overseer  
  83  10:33  Roach  
  78  10:37  Drone  
  78  10:38  Drone  
  70  10:44  Baneling  
  70  10:48  Zergling x2, Hydralisk  
  32  10:58  Zergling x2  
  23  11:09  Drone  
  16  11:18  Zergling x2  
Tags
 
Add a new tag
Caveats
  • Supply blocks, unpowered buildings, or Contaminate may cause inaccurate times.
  • Supply counts are checked every 10 seconds.